 Dungeon Crawl Stone Soup version 0.31.0-32-g396128a36d (webtiles) character file.

Game seed: 9710952293442654315

11018 Peloso the Carver (level 11, -6/101 HPs)
             Began as a Minotaur Fighter on Mar 28, 2024.
             Was an Elder of Okawaru.
             Mangled by Snorg (14 damage)
             ... on level 11 of the Dungeon.
             The game lasted 00:20:06 (9656 turns).

Peloso the Carver (Minotaur Fighter)                Turns: 9656, Time: 00:20:07

Health: -6/101     AC: 15    Str: 21    XL:     11   Next: 43%
Magic:  10/10      EV: 10    Int:  5    God:    Okawaru [****..]
Gold:   444        SH:  6    Dex: 14    Spells: 10/10 levels left

rFire   . . .        a - +0 scimitar (spect)
rCold   . . .        d - +0 buckler
rNeg    . . .        c - +0 chain mail
rPois   +            (helmet restricted)
rElec   .            f - +0 cloak
rCorr   .            (no gloves)
SInv    .            k - +0 pair of boots
Will    .....        y - amulet of regeneration Stlth
                     t - ring of flight
HPRegen 1.16/turn    F - ring of poison resistance
MPRegen 0.12/turn

%: no passive effects
@: flying
A: horns 2, retaliatory headbutt
a: Renounce Religion, Heroism, Finesse


You were on level 11 of the Dungeon.
You worshipped Okawaru.
Okawaru was greatly pleased with you.
You visited 2 branches of the dungeon, and saw 12 of its levels.
You also visited: Ossuary.

You collected 615 gold pieces.
You spent 171 gold pieces at shops.

Inventory:

Hand Weapons
 a - a +0 spectral scimitar (weapon)
 b - the +7 falchion "Holaxzun" {flame, Str-3 Int+7}
   (You took it off an orc priest on level 7 of the Dungeon)

   Str-3:     It affects your strength (-3).
   Int+7:     It affects your intelligence (+7).
Armour
 c - a +0 chain mail (worn)
 d - a +0 buckler (worn)
 f - a +0 cloak (worn)
 k - a +0 pair of boots (worn)
Jewellery
 t - a ring of flight (left hand)
 y - an amulet of regeneration (around neck)
 E - an amulet of faith
 F - a ring of poison resistance (right hand)
 G - a ring of fire
Talismans
 A - a flux talisman
 H - a serpent talisman
Wands
 h - a wand of flame (24)
 u - a wand of quicksilver (12)
Scrolls
 e - a scroll of acquirement
 i - a scroll of summoning
 l - a scroll of poison {unknown}
 m - 2 scrolls of amnesia
 q - 2 scrolls of enchant armour {unknown}
 r - 2 scrolls of teleportation
 s - 3 scrolls of fog
 v - 2 scrolls of brand weapon
 x - 2 scrolls of enchant weapon {unknown}
 D - 2 scrolls of immolation {unknown}
 J - 2 scrolls of blinking
Potions
 g - 2 potions of resistance
 n - 2 potions of might
 o - 2 potions of enlightenment
 p - 2 potions of haste
 w - a potion of heal wounds
 z - 2 potions of ambrosia
 C - a potion of curing
 I - a potion of berserk rage


   Skills:
 + Level 10.4 Fighting
 + Level 13.2 Long Blades
 + Level 11.9 Armour
 + Level 4.4 Dodging
 + Level 1.2 Stealth
 + Level 8.0 Shields


You had 10 spell levels left.
You didn't know any spells.
Your spell library contained the following spells:

 Spells                   Type           Power      Damage    Failure   Level
 Apportation              Tloc           0%         N/A       96%         1
 Necrotise                Necr           0%         1d4       96%         1
 Sting                    Conj/Alch      0%         1d3       96%         1
 Jinxbite                 Hex            0%         N/A       99%         2
 Mercury Vapours          Alch/Air       0%         N/A       99%         2
 Scorch                   Fire           0%         2d5       99%         2
 Dazzling Flash           Conj/Hex       0%         N/A       100%        3
 Fugue of the Fallen      Necr           0%         N/A       100%        3
 Mephitic Cloud           Conj/Alch/Air  0%         N/A       100%        3
 Ozocubu's Armour         Ice            0%         N/A       100%        3
 Volatile Blastmotes      Fire/Tloc      0%         2d10      100%        3
 Flame Wave               Conj/Fire      0%         2d4       100%        4
 Fulminant Prism          Conj/Alch      0%         3d5       100%        4
 Iskenderun's Mystic Bla  Conj/Tloc      0%         2d3       100%        4
 Manifold Assault         Tloc           0%         N/A       100%        4
 Olgreb's Toxic Radiance  Alch           0%         N/A       100%        4
 Alistair's Intoxication  Alch           0%         N/A       100%        5
 Curse of Agony           Necr           0%         N/A       100%        5
 Silence                  Hex/Air        0%         N/A       100%        5
 Summon Small Mammal      Summ           Unusable   N/A       N/A         1
 Summon Cactus Giant      Summ           Unusable   N/A       N/A         6

Dungeon Overview and Level Annotations

Branches:
Dungeon (11/15)            Temple (1/1) D:4            Lair (0/5) D:10
Ossuary (visited)
    Orc: D:9-12

Altars:
Ashenzari
Cheibriados
Dithmenos
Elyvilon
Fedhas
Gozag
Hepliaklqana
Kikubaaqudgha
Makhleb
Nemelex Xobeh
Okawaru
Qazlal
Ru
Sif Muna
Trog
Uskayaw
Vehumet
Wu Jian
Xom
Yredelemnul
Zin
The Shining One

Shops:
D:7 *   D:9 *

Annotations:
D:8 Dig
D:11 Snorg


Innate Abilities, Weirdness & Mutations

You have a pair of horns on your head.
You reflexively headbutt those who attack you in melee.


Message History

Your +0 spectral scimitar disappears.
You closely miss Snorg.
Snorg shouts!
Snorg is lightly wounded.
Your +0 spectral scimitar hits Snorg.
You block Snorg's attack. x2
Snorg claws you but does no damage.
Unknown command.
You barely miss Snorg. Your headbutt misses Snorg.
Snorg is lightly wounded.
Your +0 spectral scimitar hits Snorg!
Snorg bites you!! Snorg claws you. You block Snorg's attack.
You hit Snorg. Your headbutt misses Snorg.
Snorg is lightly wounded.
Your +0 spectral scimitar hits Snorg.
Snorg bites you! Snorg claws you! Snorg closely misses you.
You slash Snorg! You headbutt Snorg!
Snorg is moderately wounded.
Your +0 spectral scimitar closely misses Snorg.
Snorg barely misses you. You furiously retaliate!
You headbutt Snorg! Snorg claws you but does no damage.
You block Snorg's attack.
You slash Snorg!
Snorg is heavily wounded.
Your +0 spectral scimitar hits Snorg.
Snorg bites you!
* * * LOW HITPOINT WARNING * * *
Snorg claws you but does no damage. You block Snorg's attack. Snorg bites you.
* * * LOW HITPOINT WARNING * * *
Snorg claws you!
* * * LOW HITPOINT WARNING * * *
Snorg claws you!
* * * LOW HITPOINT WARNING * * *
You feel much better.
Your +0 spectral scimitar disappears.
Snorg barely misses you. You furiously retaliate!
You headbutt Snorg! You block Snorg's attack. Snorg completely misses you.
You slash Snorg!
Snorg is heavily wounded.
Your +0 spectral scimitar hits Snorg.
Snorg bites you!
* * * LOW HITPOINT WARNING * * *
Snorg closely misses you. Snorg claws you!
You die...

...#....#............#
. ......####'##########
.....................#
..####..######....##..+
.. #..# #........## #
#.......... #.
#..........
####..######..(.......
.............T@.......
....#############+##..
.


You could see Snorg (berserk) and a friendly +0 spectral scimitar.

Vanquished Creatures
  Erica (D:8)
  A two-headed ogre (D:11)
  An ugly thing (D:11)
  An elephant (D:10)
  A komodo dragon (D:10)
  Psyche (D:11)
  A troll (D:10)
  A shadow (D:9)
  A vampire (D:10)
  2 wyverns
  Eustachio (D:4)
  9 yaks (D:9)
  A steam dragon (D:7)
  Menkaure (D:4)
  2 water moccasins (D:7)
  6 orc warriors
  A sky beast (D:8)
  An ice beast (D:7)
  6 black bears
  An ogre (D:5)
  5 centaurs
  A phantom (D:4)
  4 kobold brigands
  A gnoll sergeant (D:5)
  3 elf zombies (Ossuary)
  3 bullfrogs
  3 scorpions
  9 wights
  14 killer bees
  5 howler monkeys
  7 bombardier beetles
  A centaur zombie (Ossuary)
  2 gnoll boudas
  3 hounds (D:5)
  2 jellies
  8 orc priests
  Crazy Yiuf (D:4)
  6 human zombies (Ossuary)
  4 sleepcaps
  3 iguanas
  11 orc wizards
  A killer bee zombie (Ossuary)
  3 mummies (Ossuary)
  17 gnolls
  10 adders
  3 white imps (D:7)
  3 ufetubi
  A ribbon worm (D:2)
  A dart slug (D:2)
  36 orcs
  6 ball pythons
  5 endoplasms
  5 giant cockroaches
  7 hobgoblins
  8 jackals
  24 kobolds
  4 quokkas
  5 bats
  6 goblins
  6 rats
287 creatures vanquished.

Vanquished Creatures (others)
  A gnoll (D:7)
  A spectral weapon (D:11)
2 creatures vanquished.

Grand Total: 289 creatures vanquished

Notes
Turn   | Place    | Note
-------+----------+-------------------------------------------
     0 | D:1      | Peloso the Minotaur Fighter began the quest for the Orb.
     0 | D:1      | Reached XP level 1. HP: 19/19 MP: 0/0
   151 | D:1      | Reached XP level 2. HP: 24/27 MP: 1/1
   320 | D:1      | Found a faded altar of an unknown god.
   586 | D:2      | Reached XP level 3. HP: 30/34 MP: 2/2
   722 | D:2      | Noticed a black bear
   731 | D:2      | Killed a black bear
   732 | D:2      | Reached skill level 3 in Long Blades
   732 | D:2      | Reached XP level 4. HP: 20/41 MP: 3/3
   916 | D:2      | Reached XP level 5. HP: 47/47 MP: 4/4
   935 | D:2      | Reached skill level 4 in Long Blades
  1576 | D:3      | Found a hazy altar of Hepliaklqana.
  1607 | D:4      | Found a sand-covered staircase.
  1617 | Ossuary  | Entered an ossuary
  1635 | Ossuary  | Reached skill level 5 in Fighting
  1657 | Ossuary  | Reached skill level 5 in Armour
  1657 | Ossuary  | Reached skill level 1 in Dodging
  1661 | Ossuary  | Reached skill level 5 in Long Blades
  1661 | Ossuary  | Reached XP level 6. HP: 11/56 MP: 5/5
  1948 | Ossuary  | Reached skill level 6 in Long Blades
  1948 | Ossuary  | Reached XP level 7. HP: 38/61 MP: 6/6
  2081 | Ossuary  | Identified a scroll of acquirement
  2656 | D:4      | Found a white marble altar of Elyvilon.
  2680 | D:4      | Found a staircase to the Ecumenical Temple.
  2726 | D:4      | Reached skill level 7 in Long Blades
  2833 | D:4      | Noticed Menkaure
  2840 | D:4      | Reached skill level 5 in Shields
  2845 | D:4      | Killed Menkaure
  3195 | D:4      | Reached XP level 8. HP: 66/70 MP: 7/7
  3319 | D:4      | Noticed Eustachio
  3368 | D:4      | Killed Eustachio
  3659 | D:4      | Found a runed translucent door.
  3660 | D:4      | Noticed Crazy Yiuf
  3974 | D:4      | Killed Crazy Yiuf
  4067 | D:5      | Entered Level 5 of the Dungeon
  4175 | D:5      | Reached skill level 8 in Long Blades
  4420 | D:5      | You are sucked into a shaft and drop 3 floors!
  4557 | D:8      | Noticed a boulder beetle
  4557 | D:8      | Noticed a manticore
  4558 | D:8      | Noticed a centaur warrior
  4559 | D:8      | Noticed a manticore
  4560 | D:8      | Noticed a manticore
  4564 | D:8      | Noticed a deep elf pyromancer
  4836 | D:8      | Reached skill level 1 in Stealth
  5206 | D:8      | Reached skill level 9 in Long Blades
  5333 | D:5      | Reached XP level 9. HP: 79/79 MP: 8/8
  6009 | D:5      | Reached skill level 10 in Long Blades
  6742 | Temple   | Entered the Ecumenical Temple
  6771 | Temple   | Became a worshipper of Warmaster Okawaru
  6954 | D:7      | Found Safub's Assorted Antiques.
  6962 | D:7      | Bought 3 scrolls labelled BATIHU USYWNA for 84 gold pieces
  6962 | D:7      | Bought a silvery potion for 25 gold pieces
  7200 | D:7      | Reached XP level 10. HP: 82/88 MP: 9/9
  7216 | D:7      | Reached skill level 11 in Long Blades
  7344 | D:7      | Identified the +7 falchion "Holaxzun" {flame, Str-3 Int+7}
  7362 | D:7      | Reached * piety under Okawaru
  7702 | D:8      | Noticed Erica
  7712 | D:8      | Killed Erica
  7713 | D:8      | Reached skill level 10 in Armour
  7806 | D:8      | Identified the +8 hand axe of the Girdle {venom, +Blink
                  | rF++ SInv Stlth+}
  8168 | D:9      | Reached ** piety under Okawaru
  8169 | D:9      | Reached skill level 12 in Long Blades
  8354 | D:9      | Reached *** piety under Okawaru
  8538 | D:9      | Reached XP level 11. HP: 84/97 MP: 10/10
  8630 | D:9      | Found a basalt altar of Yredelemnul.
  8790 | D:9      | Found Ymick's Assorted Antiques.
  8796 | D:9      | Bought a silvery potion for 29 gold pieces
  8796 | D:9      | Bought a scroll labelled HATYAGR JENAD for 33 gold pieces
  8847 | D:10     | Entered Level 10 of the Dungeon
  8854 | D:10     | Found a stormy altar of Qazlal.
  8943 | D:10     | Reached skill level 10 in Fighting
  8955 | D:10     | Found a staircase to the Lair.
  9000 | D:10     | Found a shadowy altar of Dithmenos.
  9147 | D:10     | Reached **** piety under Okawaru
  9148 | D:10     | Reached skill level 13 in Long Blades
  9232 | D:10     | Found a shimmering blue altar of Sif Muna.
  9547 | D:11     | Noticed a brown ugly thing
  9556 | D:11     | Killed a brown ugly thing
  9590 | D:11     | Noticed Psyche
  9593 | D:11     | Noticed a two-headed ogre
  9598 | D:11     | Killed Psyche
  9601 | D:11     | Killed a two-headed ogre
  9638 | D:11     | Noticed Snorg
  9654 | D:11     | HP: 2/101 [Snorg (10)]
  9656 | D:11     | Mangled by Snorg

Illustrated notes

Levels and vault maps discovered:
D:1:      amcnicky_arrival_double_pillar, layout_rooms,
          shapermc_ecumenical_altar_pompeii
D:2:      layout_loops_ring
D:3:      layout_basic, mainiacjoe_overflow_alcove_1
D:4:      layout_basic, elyvilon_altar_4, minmay_temple_entry_from_below_a,
          nicolae_ossuary_entry_ruins, serial_forest, infiniplex_forest_end_2,
          infiniplex_forest_lined_room_3, infiniplex_forest_lined_3,
          infiniplex_forest_clump_medium, infiniplex_forest_end_3,
          infiniplex_forest_lined_ring, infiniplex_forest_clump_long,
          infiniplex_forest_lined_corner, uniq_crazy_yiuf_cottage,
          uniq_menkaure, uniq_eustachio
D:5:      layout_loops_cross, minmay_pentangle
D:6:      layout_rooms, kennysheep_cluttered_room
D:7:      minmay_octagon_keep, layout_loops_ring, serial_shops, shop_fountains
D:8:      layout_basic, onia_ninara_dug_in_and_dangerous, uniq_erica
D:9:      layout_roguey, marbit_many_paths, serial_shops,
          nicolae_shop_pleasant_corner_grove, nicolae_letterblocks
          [nicolae_letter_subblock, nicolae_letter_subblock,
          nicolae_letter_subblock, nicolae_letter_subblock,
          nicolae_letter_subblock, nicolae_letter_subblock,
          nicolae_letter_subblock, nicolae_letter_subblock,
          nicolae_letter_subblock, nicolae_letter_subblock,
          nicolae_letter_subblock, nicolae_letter_subblock,
          nicolae_letter_subblock, nicolae_letter_subblock,
          nicolae_letter_subblock, nicolae_letter_subblock,
          nicolae_letter_subblock, nicolae_letter_subblock,
          nicolae_letter_subblock, nicolae_letter_subblock,
          nicolae_letter_subblock, nicolae_letter_subblock,
          nicolae_letter_subblock, nicolae_letter_subblock,
          nicolae_letter_subblock]
D:10:     layout_small_grid, mainiacjoe_overflow_paths,
          mainiacjoe_overflow_large_starburst, grunt_lair_entry_orc_guard_hut
D:11:     layout_stronghold, uniq_psyche, uniq_snorg
Temple:   kb_temple_of_zot

Skill      XL: |  1  2  3  4  5  6  7  8  9 10 11 |
---------------+----------------------------------+-----
Fighting       | 4 5 6 7 8 9 10 | 10.4
Armour         | 4 5 6 8 9 11 | 11.9
Long Blades    | 3 5 6 7 9 10 12 13 | 13.2
Shields        | 4 5 6 7 8 |  8.0
Dodging        | 1 2 3 4 |  4.4
Stealth        | 1 |  1.2

Action                     |  1- 3 |  4- 6 |  7- 9 | 10-12 || total
---------------------------+-------+-------+-------+-------++-------
  Melee: Long sword        |    61 |   143 |   736 |    68 ||  1008
         Headbutt          |     6 |    29 |   191 |    78 ||   304
         Falchion          |       |       |       |   229 ||   229
         Scimitar          |       |       |       |    12 ||    12
 Invoke: Heroism           |       |       |       |     1 ||     1
    Use: Scroll            |     3 |       |     8 |     7 ||    18
         Potion            |       |     2 |     1 |     1 ||     4
 Armour: Scale mail        |    74 |     2 |       |       ||    76
         Chain mail        |       |   100 |   421 |   269 ||   790
  Dodge: Dodged            |    41 |    40 |   172 |   139 ||   392
  Block: Buckler           |    13 |    24 |   120 |    82 ||   239
